 Dungeon Crawl Stone Soup version 0.28-a0-401-ge240ad9e29 (webtiles) character file.

Game seed: 14421573162237107874

2277 heikuro the Carver (level 9, 0/71 HPs)
             Began as a Formicid Abyssal Knight on Sept 5, 2021.
             Was a Priest of Lugonu.
             Succumbed to a gnoll sergeant's poison
             ... on level 7 of the Dungeon.
             The game lasted 00:14:53 (10278 turns).

heikuro the Carver (Formicid Abyssal Knight)       Turns: 10278, Time: 00:14:54

Health: 0/71       AC: 13    Str: 20    XL:     9   Next: 66%
Magic:  14/14      EV:  8    Int: 12    God:    Lugonu [***...]
Gold:   262        SH:  0    Dex: 10    Spells: 8/8 levels left

rFire   . . .      SeeInvis +   a - +1 falchion
rCold   . . .      Faith    .   (no shield)
rNeg    . . .      Spirit   .   p - +0 chain mail
rPois   +          Reflect  .   (helmet unavailable)
rElec   .          Harm     .   t - +2 cloak {rPois}
rCorr   .          Rampage  .   (no gloves)
Will    .....                   (no boots)
Stlth   ..........              (no amulet)
HPRegen 0.21/turn               (no ring)
MPRegen 0.14/turn               (no ring)

@: lethally poisoned (0 -> -9)
A: permanent stasis, dig shafts and tunnels, antennae 3, four strong arms
a: Dig, Shaft Self, Renounce Religion, Depart the Abyss, Bend Space, Banish


You were on level 7 of the Dungeon.
You worshipped Lugonu.
Lugonu was most pleased with you.
You visited 2 branches of the dungeon, and saw 9 of its levels.
You visited the Abyss 1 time.

You collected 262 gold pieces.

Inventory:

Hand Weapons
 a - a +1 falchion (weapon)
 f - a +3 quarterstaff
Missiles
 u - 13 poisoned darts (quivered)
Armour
 p - a +0 chain mail (worn)
 t - a +2 cloak of poison resistance (worn)
Jewellery
 m - a ring of ice
 r - a ring of flight
Wands
 d - a wand of digging (3)
 h - a wand of iceblast (5)
 j - a wand of flame (22)
Scrolls
 c - 2 scrolls of enchant weapon {unknown}
 k - 2 scrolls of torment {unknown}
 n - 2 scrolls of amnesia
 q - a scroll of blinking {unknown}
 w - a scroll of immolation {unknown}
 x - a scroll of identify
 y - a scroll of fear {unknown}
Potions
 b - 2 potions of cancellation
 e - 2 potions of might
 g - a potion of heal wounds
 l - a potion of brilliance
 o - a potion of attraction {unknown}
 s - a potion of mutation {unknown}
 v - a potion of invisibility {unknown}
 z - a potion of ambrosia {unknown}


   Skills:
 + Level 6.8 Fighting
 * Level 8.0 Long Blades
 + Level 6.2 Armour
 - Level 1.0 Dodging
 + Level 6.9 Invocations


You had 8 spell levels left.
You didn't know any spells.
Your spell library contained the following spells:

 Spells                   Type           Power      Damage    Failure   Level
 Animate Skeleton         Necr           0%         N/A       96%         1
 Pain                     Necr           0%         1d4       96%         1
 Shock                    Conj/Air       0%         1d3       96%         1
 Sublimation of Blood     Necr           0%         N/A       99%         2
 Vampiric Draining        Necr           0%         2d6       100%        3
 Petrify                  Tmut/Erth      0%         N/A       100%        4
 Irradiate                Conj/Tmut      0%         3d13      100%        5


Dungeon Overview and Level Annotations

Branches:
Dungeon (8/15)             Temple (1/1) D:4
   Lair: D:8-11

Altars:
Ashenzari
Cheibriados
Dithmenos
Elyvilon
Fedhas
Gozag
Hepliaklqana
Kikubaaqudgha
Makhleb
Nemelex Xobeh
Okawaru
Qazlal
Ru
Sif Muna
Trog
Uskayaw
Vehumet
Wu Jian
Xom
Yredelemnul
Zin
The Shining One


Innate Abilities, Weirdness & Mutations

You cannot be hasted, slowed, berserked, paralysed or teleported.
You can dig through walls and to a lower floor.
You have a pair of large antennae on your head. (SInv)
Your four strong arms can wield two-handed weapons with a shield.


Message History

You hit the gnoll sergeant.
The gnoll sergeant is severely wounded.
You feel sick.
The gnoll sergeant hits you but does no damage.
You are more poisoned.
You barely miss the gnoll sergeant.
The gnoll sergeant is severely wounded.
* * * LOW HITPOINT WARNING * * *
You feel very sick.
The gnoll sergeant hits you but does no damage.
You are lethally poisoned!
You barely miss the gnoll sergeant.
The gnoll sergeant is severely wounded.
* * * LOW HITPOINT WARNING * * *
You feel very sick.
The gnoll sergeant hits you with a +1 spear of venom.
* * * LOW HITPOINT WARNING * * *
You feel better.
The gnoll sergeant hits you but does no damage.
You are poisoned.
You hit the gnoll sergeant.
The gnoll sergeant is severely wounded.
You feel sick.
The gnoll sergeant hits you with a +1 spear of venom.
* * * LOW HITPOINT WARNING * * *
You are lethally poisoned!
You barely miss the gnoll sergeant.
The gnoll sergeant is severely wounded.
* * * LOW HITPOINT WARNING * * *
You feel very sick.
The gnoll sergeant hits you with a +1 spear of venom.
* * * LOW HITPOINT WARNING * * *
You hit the gnoll sergeant.
The gnoll sergeant is almost dead.
* * * LOW HITPOINT WARNING * * *
You feel very sick. The gnoll sergeant barely misses you.
You barely miss the gnoll sergeant.
The gnoll sergeant is almost dead.
You die...

..#....#..#
..#....#..#
..#....#..#
..#....#..#
..#....'..#
..#....#..#
..#....#..########
..#....#........)#
..#....'.......)@#
..#....#.......g.#
..#....#.........#
..#....#..##.....#
..#....#..##.....#
..'....#.........#
..#....#.........#
###....#.........#
.......#.........#


You could see a gnoll sergeant.

Vanquished Creatures
  Sigmund (D:5)
  A water moccasin (D:5)
  2 ice beasts
  2 necrophages (D:5)
  A sky beast (D:6)
  An ogre (D:5)
  A centaur (D:5)
  A kobold brigand (D:7)
  2 scorpions (D:5)
  A bullfrog (D:7)
  A gnoll sergeant (D:8)
  A wyvern skeleton (D:6)
  A water moccasin skeleton (D:6)
  5 killer bees (D:7)
  A howler monkey (D:3)
  A human zombie (D:3)
  A hound (D:4)
  A jelly (D:4)
  Crazy Yiuf (D:5)
  3 orc priests (D:4)
  A bullfrog skeleton (D:4)
  Terence (D:3)
  Natasha (thrice) (D:4)
  2 iguanas (D:5)
  4 orc wizards
  A scorpion zombie (D:5)
  A hound skeleton (D:2)
  9 gnolls
  4 adders
  3 dart slugs
  11 orcs
  2 bats
  3 endoplasms
  4 giant cockroaches
  2 hobgoblins
  13 jackals
  9 kobolds
  5 quokkas
  4 ball pythons
  2 frilled lizards
  2 goblins (D:4)
  A jackal skeleton (D:4)
  4 rats
120 creatures vanquished.

Vanquished Creatures (others)
  A human (D:3)
1 creature vanquished.

Grand Total: 121 creatures vanquished

Notes
Turn   | Place    | Note
-------+----------+-------------------------------------------
     0 | Abyss:1  | heikuro the Formicid Abyssal Knight began the quest for the
                  | Orb.
     0 | Abyss:1  | Reached XP level 1. HP: 18/18 MP: 2/2
    13 | Abyss:1  | Found a candlelit altar of Ignis.
    33 | Abyss:1  | Noticed a guardian serpent
    33 | Abyss:1  | Noticed a jelly
    34 | D:1      | Escaped the Abyss
   156 | D:1      | Reached skill level 1 in Dodging
   290 | D:1      | Reached XP level 2. HP: 15/24 MP: 3/3
   776 | D:1      | Reached * piety under Lugonu
   867 | D:1      | Reached XP level 3. HP: 12/29 MP: 4/4
  1566 | D:2      | Reached skill level 3 in Long Blades
  1566 | D:2      | Reached XP level 4. HP: 33/37 MP: 6/6
  2250 | D:3      | Found a faded altar of an unknown god.
  2440 | D:3      | Found a shimmering blue altar of Sif Muna.
  2542 | D:3      | Noticed Terence
  2552 | D:3      | Killed Terence
  3104 | D:3      | Found an ancient bone altar of Kikubaaqudgha.
  3104 | D:3      | Noticed a human
  3107 | D:3      | Killed a human
  3196 | D:3      | Reached XP level 5. HP: 40/42 MP: 7/7
  3460 | D:4      | Noticed Natasha
  3462 | D:4      | Reached skill level 4 in Long Blades
  3462 | D:4      | Reached XP level 6. HP: 46/48 MP: 8/8
  3483 | D:4      | Killed Natasha
  3517 | D:4      | Noticed Natasha
  3836 | D:3      | Reached ** piety under Lugonu
  4054 | D:4      | Found a burning altar of Makhleb.
  4437 | D:4      | Found a staircase to the Ecumenical Temple.
  4453 | Temple   | Entered the Ecumenical Temple
  4592 | D:4      | Killed Natasha
  4610 | D:4      | Reached XP level 7. HP: 33/55 MP: 10/10
  5472 | D:4      | Noticed Natasha
  5479 | D:4      | Killed Natasha
  5599 | D:4      | Reached skill level 5 in Long Blades
  5825 | D:4      | Found a glowing silver altar of Zin.
  5986 | D:3      | Got Sif Muna's Almanac of Excruciating Air
  6099 | D:5      | Entered Level 5 of the Dungeon
  6123 | D:5      | Reached skill level 5 in Fighting
  6171 | D:5      | Reached XP level 8. HP: 57/62 MP: 11/11
  6308 | D:5      | Noticed Sigmund
  6319 | D:5      | Killed Sigmund
  6320 | D:5      | Reached skill level 6 in Long Blades
  6320 | D:5      | Reached skill level 5 in Invocations
  6676 | D:5      | Found a runed translucent door.
  6677 | D:5      | Noticed Crazy Yiuf
  6728 | D:5      | Reached skill level 5 in Armour
  7095 | D:5      | Killed Crazy Yiuf
  7669 | D:5      | Reached XP level 9. HP: 26/69 MP: 13/13
  7928 | D:5      | Reached *** piety under Lugonu
  7929 | D:5      | Reached skill level 7 in Long Blades
  9679 | D:7      | Noticed a red ugly thing
  9811 | D:8      | Reached skill level 8 in Long Blades
 10277 | D:7      | HP: 2/71 [poisoned by a gnoll sergeant]
 10278 | D:7      | Succumbed to a gnoll sergeant's poison

Illustrated notes

Levels and vault maps discovered:
D:1:      dpeg_chamrin_arrival_tetris, layout_basic
D:2:      layout_basic
D:3:      layout_loops_cross, led_sif_book, tgw_kikubaaqudgha,
          hellmonk_ecumenical_altar_run_dry, uniq_terence
D:4:      layout_rooms, lemuel_coloured_pillars_altar,
          mainiacjoe_overflow_surrounded_room,
          minmay_temple_entry_statues_fountains, uniq_natasha
D:5:      layout_basic, uniq_sigmund, uniq_crazy_yiuf_cottage
D:6:      layout_loops_ring
D:7:      layout_gridville, minmay_manual_monolith
D:8:      layout_loops_corners, uniq_maggie
Temple:   compressed_dpeg_circular_temple

Skill      XL: |  1  2  3  4  5  6  7  8  9 |
---------------+----------------------------+-----
Dodging        | 1 |  1.0
Long Blades    | 3 4 5 6 8 |  8.0
Invocations    | 3 4 5 6 |  6.9
Armour         | 3 4 5 6 |  6.2
Fighting       | 4 5 6 |  6.8

Action                   |  1- 3 |  4- 6 |  7- 9 || total
-------------------------+-------+-------+-------++-------
Melee: Falchion          |    63 |       |   334 ||   397
       Quarterstaff      |     5 |   137 |    21 ||   163
Throw: Dart              |       |     2 |    48 ||    50
Invok: Depart the Abyss  |     1 |       |       ||     1
       Bend Space        |       |       |    17 ||    17
 Abil: Dig               |       |       |     2 ||     2
  Use: Scroll            |       |       |     6 ||     6
       Potion            |       |       |     1 ||     1
Armor: Leather armour    |    28 |     6 |       ||    34
       Scale mail        |       |    29 |    35 ||    64
       Chain mail        |       |       |   159 ||   159
Dodge: Dodged            |    58 |    71 |   137 ||   266

Table legend: (Time is in decaauts)
 A = Elapsed time spent in this place.
 B = Non-inter-level travel time spent in this place.
 C = Inter-level travel time spent in this place.
 D = Time resting spent in this place.
 E = Time spent auto-exploring this place.
 F = Levels seen in this place.
 G = Mean time per level.
                   A        B        C        D        E       F      G
               +--------+--------+--------+--------+--------+-----+--------+
         Total |  10355 |  10032 |    323 |   4603 |   3400 |  10 | 1035.5 |
       Dungeon |  10212 |   9897 |    315 |   4603 |   3283 |   8 | 1276.5 |
        Temple |    109 |    101 |      8 |      0 |     87 |   1 |  109.0 |
         Abyss |     34 |     34 |      0 |      0 |     30 |   1 |   34.0 |
               +--------+--------+--------+--------+--------+-----+--------+

Top non-repeatable levels by time:
     D:3: 2331 daAuts
     D:4: 1780 daAuts
     D:5: 1683 daAuts
     D:1: 1381 daAuts
     D:7: 1335 daAuts
     D:6: 842 daAuts
     D:2: 774 daAuts
  Temple: 109 daAuts
     D:8: 83 daAuts
 Abyss:1: 34 daAuts
